[Event "GambitGuide"]
[Site "Internet Chess Club"]
[Date "2014.10.31"]
[Round "1"]
[White "JSBach"]
[Black "bobbyjones"]
[Result "1-0"]
[ICCResult "Black resigns"]
[WhiteElo "1678"]
[BlackElo "1038"]
[Opening "Vienna: `Frankenstein-Dracula' variation"]
[ECO "C27"]
[NIC "VG.02"]
[Time "00:19:16"]
[TimeControl "120+12"]

1. e4 e5 2. Nc3 Nf6 3. Bc4 Nxe4 4. Qh5 Nd6 5. Bb3 Nc6 6. Nb5 g6 7. Qf3 f5 8.
Qd5 Qe7 9. Nxc7+ Kd8 10. Nxa8 b6 11. Ba4 Bb7 12. Nxb6 axb6 13. Qb3 Ke8 14.
Qxb6 Kf7 15. Bb3+ Kg7 16. Bd5 Nd8 17. Qa5 Bxd5 18. Qxd5 Ne6 19. Qxe5+ Kg8
20. a4 Ne4 21. d3 Bg7 22. Qd5 h5 23. dxe4 fxe4 24. c3 Kh7 25. Qxe4 Rf8 26.
Ne2 Qf7 27. Be3 Bh6 28. O-O Bxe3 29. fxe3 Qg7 30. Rxf8 Qxf8 31. Nf4 Qf5 32.
Qxf5 gxf5 33. Nxe6 dxe6 34. c4 {Black resigns} 1-0

[Event "GambitGuide"]
[Site "Internet Chess Club"]
[Date "2014.10.31"]
[Round "1"]
[White "JSBach"]
[Black "RamRock"]
[Result "1-0"]
[ICCResult "Black checkmated"]
[WhiteElo "1678"]
[BlackElo "1685"]
[Opening "Vienna: `Frankenstein-Dracula' variation"]
[ECO "C27"]
[NIC "VG.02"]
[Time "00:21:26"]
[TimeControl "120+12"]

1. e4 e5 2. Nc3 Nf6 3. Bc4 Nxe4 4. Qh5 Nd6 5. Bb3 Nc6 6. Nb5 g6 7. Qf3 f5 8.
Qd5 Qe7 9. Nxc7+ Kd8 10. Nxa8 b6 11. Ba4 Nb4 12. Qb3 Ne4 13. d3 Nxf2 14.
Kxf2 Qh4+ 15. Kf1 Bc5 16. g3 Qd4 17. Bg5+ Ke8 18. Qe6+ Kf8 19. Bh6#
{Black checkmated}
1-0

[Event "GambitGuide"]
[Site "Internet Chess Club"]
[Date "2014.10.31"]
[Round "1"]
[White "JSBach"]
[Black "RamRock"]
[Result "1-0"]
[ICCResult "Black checkmated"]
[WhiteElo "1678"]
[BlackElo "1685"]
[Opening "Vienna: `Frankenstein-Dracula' variation"]
[ECO "C27"]
[NIC "VG.02"]
[Time "00:23:40"]
[TimeControl "120+12"]

1. e4 e5 2. Nc3 Nf6 3. Bc4 Nxe4 4. Qh5 Nd6 5. Bb3 Nc6 6. Nb5 g6 7. Qf3 f5 8.
Qd5 Qe7 9. Nxc7+ Kd8 10. Nxa8 b6 11. Ba4 Nb4 12. Qb3 Ne4 13. d3 Nxf2 14.
Kxf2 Qh4+ 15. g3 Bc5+ 16. Ke1 Qd4 17. Bg5+ Ke8 18. Qe6+ Be7 19. Qxe7#
{Black checkmated}
1-0

[Event "GambitGuide"]
[Site "Internet Chess Club"]
[Date "2014.10.31"]
[Round "1"]
[White "JSBach"]
[Black "bobbyjones"]
[Result "1-0"]
[ICCResult "Black resigns"]
[WhiteElo "1678"]
[BlackElo "1038"]
[Opening "Vienna: `Frankenstein-Dracula' variation"]
[ECO "C27"]
[NIC "VG.02"]
[Time "00:22:15"]
[TimeControl "120+12"]

1. e4 e5 2. Nc3 Nf6 3. Bc4 Nxe4 4. Qh5 Nd6 5. Bb3 Nc6 6. Nb5 g6 7. Qf3 f5 8.
Qd5 Qe7 9. Nxc7+ Kd8 10. Nxa8 b6 11. Ba4 b5 12. Bxb5 Nxb5 13. Qxb5 Ke8 14.
Nc7+ Kf7 15. Qd5+ Kg7 16. Rb1 h6 17. Ne2 Kh7 18. d3 Nb4 19. Qb3 Qh4 20. Be3
Bb7 21. O-O f4 22. Bxa7 Bxg2 23. Kxg2 Qg4+ 24. Ng3 f3+ 25. Kg1 Qh3 26. Qf7+
Bg7 27. Qxf3 Rf8 28. Qg2 Qxg2+ 29. Kxg2 Nxc2 30. Rfc1 Nd4 31. Bxd4 exd4 32.
b4 Be5 33. a4 Bf4 34. Rc5 Bd6 35. Rd5 Bxc7 36. Rxd7+ Kg8 37. Rxc7 Ra8 38. a5
Rb8 39. Rd7 {Black resigns} 1-0

[Event "GambitGuide"]
[Site "Internet Chess Club"]
[Date "2014.10.31"]
[Round "1"]
[White "JSBach"]
[Black "RamRock"]
[Result "1-0"]
[ICCResult "Black resigns"]
[WhiteElo "1678"]
[BlackElo "1685"]
[Opening "Vienna: `Frankenstein-Dracula' variation"]
[ECO "C27"]
[NIC "VG.02"]
[Time "00:24:31"]
[TimeControl "120+12"]

1. e4 e5 2. Nc3 Nf6 3. Bc4 Nxe4 4. Qh5 Nd6 5. Bb3 Nc6 6. Nb5 g6 7. Qf3 f5 8.
Qd5 Qe7 9. Nxc7+ Kd8 10. Nxa8 b6 11. Ba4 Nb4 12. Qb3 Ne4 13. a3 Qc5 14. d4
Qxd4 15. Be3 Nd2 16. Bg5+ Be7 17. Bxe7+ Kxe7 18. Qxb4+ d6 19. Qxd4 exd4 20.
Kxd2 Bb7 21. Nc7 {Black resigns} 1-0

[Event "GambitGuide"]
[Site "Internet Chess Club"]
[Date "2014.10.31"]
[Round "1"]
[White "JSBach"]
[Black "PinkFluffyBunny"]
[Result "0-1"]
[ICCResult "White checkmated"]
[WhiteElo "1678"]
[BlackElo "2233"]
[Opening "Vienna: `Frankenstein-Dracula' variation"]
[ECO "C27"]
[NIC "VG.02"]
[Time "00:22:12"]
[TimeControl "120+12"]

1. e4 e5 2. Nc3 Nf6 3. Bc4 Nxe4 4. Qh5 Nd6 5. Bb3 Nc6 6. Nb5 g6 7. Qf3 f5 8.
Qd5 Qe7 9. Nxc7+ Kd8 10. Nxa8 b6 11. Ba4 Bb7 12. Nxb6 axb6 13. Qb3 Kc7 14.
Ne2 Bg7 15. Nc3 Nd4 16. Nd5+ Bxd5 17. Qxd5 Qh4 18. b4 e4 19. c3 Ne6 20. g3
Qh3 21. Bc6 Re8 22. Ba4 Qg2 23. Rf1 Ng5 24. h4 Nf3+ 25. Ke2 Nh2 26. Bb2 Qf3+
27. Ke1 Nxf1 28. Kxf1 f4 29. Qg5 Rf8 30. Qe7 Rf7 31. Qg5 fxg3 32. Qe3 Nc4
33. Qxf3 Rxf3 34. Bc1 Rxf2+ 35. Ke1 e3 36. Bc6 dxc6 37. dxe3 Bxc3+ 38. Kd1
g2 39. Bd2 Rxd2+ 40. Ke1 g1=Q# {White checkmated} 0-1

[Event "GambitGuide"]
[Site "Internet Chess Club"]
[Date "2014.10.31"]
[Round "1"]
[White "JSBach"]
[Black "bobbyjones"]
[Result "1-0"]
[ICCResult "Black resigns"]
[WhiteElo "1678"]
[BlackElo "1038"]
[Opening "Vienna: `Frankenstein-Dracula' variation"]
[ECO "C27"]
[NIC "VG.02"]
[Time "00:26:02"]
[TimeControl "120+12"]

1. e4 e5 2. Nc3 Nf6 3. Bc4 Nxe4 4. Qh5 Nd6 5. Bb3 Nc6 6. Nb5 g6 7. Qf3 f5 8.
Qd5 Qe7 9. Nxc7+ Kd8 10. Nxa8 b6 11. Ba4 Nb8 12. d4 Bb7 13. Qxe5 Qxe5+ 14.
dxe5 Ne4 15. f3 Nc5 16. Nxb6 axb6 17. Bb5 Ba6 18. Bxa6 Nbxa6 19. Be3 Na4 20.
O-O-O Nb4 21. e6 Nxa2+ 22. Kb1 Nb4 23. Bg5+ Kc7 24. Bf6 Rg8 25. exd7 Nc5 26.
d8=Q+ {Black resigns} 1-0

[Event "GambitGuide"]
[Site "Internet Chess Club"]
[Date "2014.10.31"]
[Round "1"]
[White "JSBach"]
[Black "Smokie"]
[Result "1/2-1/2"]
[ICCResult "Game drawn by repetition"]
[WhiteElo "1678"]
[BlackElo "1484"]
[Opening "Vienna: `Frankenstein-Dracula' variation"]
[ECO "C27"]
[NIC "VG.02"]
[Time "00:23:19"]
[TimeControl "120+12"]

1. e4 e5 2. Nc3 Nf6 3. Bc4 Nxe4 4. Qh5 Nd6 5. Bb3 Nc6 6. Nb5 g6 7. Qf3 f5 8.
Qd5 Qe7 9. Nxc7+ Kd8 10. Nxa8 b6 11. Ba4 Bb7 12. Nxb6 Nd4 13. Qa5 axb6 14.
Qxb6+ Ke8 15. Kf1 Bh6 16. c3 Nc6 17. d3 Bxc1 18. Rxc1 e4 19. Bxc6 dxc6 20.
dxe4 Nxe4 21. Rd1 Kf7 22. f3 Ra8 23. fxe4 Ba6+ 24. Kf2 Qh4+ 25. g3 Qxe4 26.
Qc7+ Kf8 27. Rd8+ Rxd8 28. Qxd8+ Kg7 29. Qd4+ Kf7 30. Qd7+ Kf8 31. Qd8+ Kf7
32. Qc7+ Kf6 33. Qd6+ Kf7 34. Qd7+ Kg8 35. Qd8+ Kf7 36. Qc7+ Kf6 37. Qd6+
Kf7 38. Qd7+ {Game drawn by repetition} 1/2-1/2

[Event "GambitGuide"]
[Site "Internet Chess Club"]
[Date "2014.10.31"]
[Round "1"]
[White "JSBach"]
[Black "RamRock"]
[Result "1-0"]
[ICCResult "Black checkmated"]
[WhiteElo "1678"]
[BlackElo "1685"]
[Opening "Vienna: `Frankenstein-Dracula' variation"]
[ECO "C27"]
[NIC "VG.02"]
[Time "00:25:54"]
[TimeControl "120+12"]

1. e4 e5 2. Nc3 Nf6 3. Bc4 Nxe4 4. Qh5 Nd6 5. Bb3 Nc6 6. Nb5 g6 7. Qf3 f5 8.
Qd5 Qe7 9. Nxc7+ Kd8 10. Nxa8 b6 11. Ba4 Nb4 12. Qb3 Ne4 13. d3 Nxf2 14.
Kxf2 Qh4+ 15. Kf1 Bb7 16. Nf3 Bxf3 17. gxf3 Bc5 18. d4 Bxd4 19. Ke2 Qf2+ 20.
Kd1 Qg2 21. Re1 Bf2 22. Rxe5 Re8 23. Rxe8+ Kxe8 24. Qe6+ Kd8 25. Qxd7#
{Black checkmated}
1-0

[Event "GambitGuide"]
[Site "Internet Chess Club"]
[Date "2014.10.31"]
[Round "1"]
[White "JSBach"]
[Black "RamRock"]
[Result "1-0"]
[ICCResult "Black resigns"]
[WhiteElo "1678"]
[BlackElo "1685"]
[Opening "Vienna: `Frankenstein-Dracula' variation"]
[ECO "C27"]
[NIC "VG.02"]
[Time "00:27:58"]
[TimeControl "120+12"]

1. e4 e5 2. Nc3 Nf6 3. Bc4 Nxe4 4. Qh5 Nd6 5. Bb3 Nc6 6. Nb5 g6 7. Qf3 f5 8.
Qd5 Qe7 9. Nxc7+ Kd8 10. Nxa8 b6 11. Ba4 Nb4 12. Qb3 Ne4 13. d3 Nxf2 14.
Kxf2 Qh4+ 15. Kf1 Bc5 16. g3 Qd4 17. Bg5+ {Black resigns} 1-0

[Event "GambitGuide"]
[Site "Internet Chess Club"]
[Date "2014.10.31"]
[Round "1"]
[White "JSBach"]
[Black "RamRock"]
[Result "1-0"]
[ICCResult "Black resigns"]
[WhiteElo "1678"]
[BlackElo "1685"]
[Opening "Vienna: `Frankenstein-Dracula' variation"]
[ECO "C27"]
[NIC "VG.02"]
[Time "00:28:52"]
[TimeControl "120+12"]

1. e4 e5 2. Nc3 Nf6 3. Bc4 Nxe4 4. Qh5 Nd6 5. Bb3 Nc6 6. Nb5 g6 7. Qf3 f5 8.
Qd5 Qe7 9. Nxc7+ Kd8 10. Nxa8 b6 11. Ba4 Nb4 12. Qb3 Ne4 13. d3 Qh4 14. g3
Qg4 15. h3 Nxg3 16. hxg4 {Black resigns} 1-0

[Event "GambitGuide"]
[Site "Internet Chess Club"]
[Date "2014.10.31"]
[Round "1"]
[White "JSBach"]
[Black "RamRock"]
[Result "1-0"]
[ICCResult "Black checkmated"]
[WhiteElo "1678"]
[BlackElo "1685"]
[Opening "Vienna: `Frankenstein-Dracula' variation"]
[ECO "C27"]
[NIC "VG.02"]
[Time "00:29:45"]
[TimeControl "120+12"]

1. e4 e5 2. Nc3 Nf6 3. Bc4 Nxe4 4. Qh5 Nd6 5. Bb3 Nc6 6. Nb5 g6 7. Qf3 f5 8.
Qd5 Qe7 9. Nxc7+ Kd8 10. Nxa8 b6 11. Ba4 Nb4 12. Qb3 Ba6 13. Qxb4 Qg5 14.
Qc3 Qxg2 15. Qc7+ Ke7 16. Qxd7+ Kf6 17. Qd8+ Kg7 18. Qd7+ Kg8 19. Bb3+ Nf7
20. Qxf7# {Black checkmated} 1-0

[Event "GambitGuide"]
[Site "Internet Chess Club"]
[Date "2014.10.31"]
[Round "1"]
[White "JSBach"]
[Black "Smokie"]
[Result "1-0"]
[ICCResult "Black checkmated"]
[WhiteElo "1678"]
[BlackElo "1484"]
[Opening "Vienna: `Frankenstein-Dracula' variation"]
[ECO "C27"]
[NIC "VG.02"]
[Time "00:28:06"]
[TimeControl "120+12"]

1. e4 e5 2. Nc3 Nf6 3. Bc4 Nxe4 4. Qh5 Nd6 5. Bb3 Nc6 6. Nb5 g6 7. Qf3 f5 8.
Qd5 Qe7 9. Nxc7+ Kd8 10. Nxa8 b6 11. Ba4 Bb7 12. Nxb6 axb6 13. Qb3 Kc7 14.
Ne2 Bh6 15. Nc3 Qg5 16. Nd5+ Kb8 17. O-O Nd4 18. Qxb6 Nc8 19. Qc7+ Ka8 20.
Qa5+ Na7 21. Nb6+ Kb8 22. Qxe5+ d6 23. Qxd6# {Black checkmated} 1-0

[Event "GambitGuide"]
[Site "Internet Chess Club"]
[Date "2014.10.31"]
[Round "1"]
[White "JSBach"]
[Black "bobbyjones"]
[Result "1-0"]
[ICCResult "Black checkmated"]
[WhiteElo "1678"]
[BlackElo "1038"]
[Opening "Vienna: `Frankenstein-Dracula' variation"]
[ECO "C27"]
[NIC "VG.02"]
[Time "00:27:40"]
[TimeControl "120+12"]

1. e4 e5 2. Nc3 Nf6 3. Bc4 Nxe4 4. Qh5 Nd6 5. Bb3 Nc6 6. Nb5 g6 7. Qf3 f5 8.
Qd5 Qe7 9. Nxc7+ Kd8 10. Nxa8 b6 11. Ba4 Bg7 12. Bxc6 dxc6 13. Qb3 Be6 14.
Qa4 Qb7 15. Qh4+ Kd7 16. Nxb6+ Qxb6 17. d3 h6 18. Qg3 g5 19. Ne2 f4 20. Nxf4
exf4 21. Qf3 Bd5 22. Qh3+ Kc7 23. c3 h5 24. O-O g4 25. Qh4 Nf5 26. Bxf4+ Kb7
27. Qg5 Bh6 28. Qxf5 Bxf4 29. Qxf4 Qc5 30. Qe5 Qf8 31. c4 Bxg2 32. Kxg2 Qf3+
33. Kg1 Rf8 34. Qxh5 Qf7 35. Qxf7+ Rxf7 36. b3 Kb6 37. d4 a5 38. d5 cxd5 39.
cxd5 Kc5 40. Rfd1 Rd7 41. Rac1+ Kb4 42. Rc4+ Ka3 43. Rd2 a4 44. Rxa4#
{Black checkmated}
1-0

[Event "GambitGuide"]
[Site "Internet Chess Club"]
[Date "2014.10.31"]
[Round "1"]
[White "JSBach"]
[Black "RamRock"]
[Result "1-0"]
[ICCResult "Black checkmated"]
[WhiteElo "1678"]
[BlackElo "1685"]
[Opening "Vienna: `Frankenstein-Dracula' variation"]
[ECO "C27"]
[NIC "VG.02"]
[Time "00:30:21"]
[TimeControl "120+12"]

1. e4 e5 2. Nc3 Nf6 3. Bc4 Nxe4 4. Qh5 Nd6 5. Bb3 Nc6 6. Nb5 g6 7. Qf3 f5 8.
Qd5 Qe7 9. Nxc7+ Kd8 10. Nxa8 b6 11. Ba4 b5 12. Bxb5 Nxb5 13. Qxb5 Nd4 14.
Qa5+ Ke8 15. Nc7+ Kf7 16. Kd1 Qd8 17. Qxe5 Ne6 18. Nxe6 dxe6 19. Qxh8 Qb6
20. Qxh7+ Bg7 21. Nf3 Qxf2 22. Ne5+ Kf6 23. Qxg6+ Ke7 24. Qxg7+ Kd6 25. c4
Bb7 26. Nf7+ Kc5 27. Qe5+ Kb4 28. Qb5# {Black checkmated} 1-0

[Event "GambitGuide"]
[Site "Internet Chess Club"]
[Date "2014.10.31"]
[Round "1"]
[White "JSBach"]
[Black "fishhead"]
[Result "1-0"]
[ICCResult "Black resigns"]
[WhiteElo "1678"]
[BlackElo "1597"]
[Opening "Vienna: `Frankenstein-Dracula' variation"]
[ECO "C27"]
[NIC "VG.02"]
[Time "00:29:52"]
[TimeControl "120+12"]

1. e4 e5 2. Nc3 Nf6 3. Bc4 Nxe4 4. Qh5 Nd6 5. Bb3 Nc6 6. Nb5 g6 7. Qf3 f5 8.
Qd5 Qe7 9. Nxc7+ Kd8 10. Nxa8 b6 11. Ba4 Bb7 12. Nxb6 axb6 13. Qb3 b5 14.
Nf3 bxa4 15. Qxa4 Bg7 16. O-O Nf7 17. Qb5 Bc8 18. Re1 e4 19. d3 Nd6 20. Qd5
Qe6 21. dxe4 Nxe4 22. Qb5 d5 23. Ng5 Qd7 24. c4 dxc4 25. Nxe4 fxe4 26. Qxc4
Re8 27. Bg5+ Kc7 28. Red1 Qe6 29. Qc2 Bb7 30. Rac1 Kb8 31. Qc5 Qe5 32. Rd5
Qxb2 33. Qd6+ Ka8 34. Rxc6 Bxc6 35. Qxc6+ Qb7 36. Qxe8+ {Black resigns} 1-0

[Event "GambitGuide"]
[Site "Internet Chess Club"]
[Date "2014.10.31"]
[Round "1"]
[White "JSBach"]
[Black "RamRock"]
[Result "1-0"]
[ICCResult "Black resigns"]
[WhiteElo "1678"]
[BlackElo "1685"]
[Opening "Vienna: `Frankenstein-Dracula' variation"]
[ECO "C27"]
[NIC "VG.02"]
[Time "00:31:33"]
[TimeControl "120+12"]

1. e4 e5 2. Nc3 Nf6 3. Bc4 Nxe4 4. Qh5 Nd6 5. Bb3 Nc6 6. Nb5 g6 7. Qf3 f5 8.
Qd5 Qe7 9. Nxc7+ Kd8 10. Nxa8 b6 11. Ba4 Qh4 12. Bxc6 dxc6 13. Qxe5 Bh6 14.
Qxh8+ {Black resigns} 1-0

[Event "GambitGuide"]
[Site "Internet Chess Club"]
[Date "2014.10.31"]
[Round "1"]
[White "JSBach"]
[Black "RamRock"]
[Result "1-0"]
[ICCResult "Black resigns"]
[WhiteElo "1678"]
[BlackElo "1685"]
[Opening "Vienna: `Frankenstein-Dracula' variation"]
[ECO "C27"]
[NIC "VG.02"]
[Time "00:31:52"]
[TimeControl "120+12"]

1. e4 e5 2. Nc3 Nf6 3. Bc4 Nxe4 4. Qh5 Nd6 5. Bb3 Nc6 6. Nb5 g6 7. Qf3 f5 8.
Qd5 Qe7 9. Nxc7+ Kd8 10. Nxa8 b6 11. Ba4 Nb4 12. Qb3 Ne4 13. a3 Qc5 14. d4
Qxd4 15. Be3 Qd5 16. axb4 a5 17. Bxb6+ Ke8 18. Nc7+ Kf7 19. Qxd5+
{Black resigns}
1-0

[Event "GambitGuide"]
[Site "Internet Chess Club"]
[Date "2014.10.31"]
[Round "1"]
[White "JSBach"]
[Black "Smokie"]
[Result "1-0"]
[ICCResult "Black forfeits on time"]
[WhiteElo "1678"]
[BlackElo "1484"]
[Opening "Vienna: `Frankenstein-Dracula' variation"]
[ECO "C27"]
[NIC "VG.02"]
[Time "00:30:40"]
[TimeControl "120+12"]

1. e4 e5 2. Nc3 Nf6 3. Bc4 Nxe4 4. Qh5 Nd6 5. Bb3 Nc6 6. Nb5 g6 7. Qf3 f5 8.
Qd5 Qe7 9. Nxc7+ Kd8 10. Nxa8 b6 11. Ba4 Ba6 12. Bxc6 dxc6 13. Qb3 Qb7 14.
Qe6 {Black forfeits on time} 1-0

[Event "GambitGuide"]
[Site "Internet Chess Club"]
[Date "2014.10.31"]
[Round "1"]
[White "JSBach"]
[Black "fishhead"]
[Result "1-0"]
[ICCResult "Black resigns"]
[WhiteElo "1678"]
[BlackElo "1597"]
[Opening "Vienna: `Frankenstein-Dracula' variation"]
[ECO "C27"]
[NIC "VG.02"]
[Time "00:31:52"]
[TimeControl "120+12"]

1. e4 e5 2. Nc3 Nf6 3. Bc4 Nxe4 4. Qh5 Nd6 5. Bb3 Nc6 6. Nb5 g6 7. Qf3 f5 8.
Qd5 Qe7 9. Nxc7+ Kd8 10. Nxa8 b6 11. Ba4 Bb7 12. Nxb6 axb6 13. Qb3 b5 14.
Nf3 bxa4 15. Qxa4 Bg7 16. d3 Ke8 17. Bg5 Bf6 18. Bxf6 Qxf6 19. c3 Kf7 20.
O-O Re8 21. Rfe1 Kg7 22. d4 e4 23. Nd2 Ne7 24. Qxd7 Bc6 25. Qc7 Nb5 26. Qe5
Qxe5 27. dxe5 Nc7 28. a4 Ned5 29. Nc4 Nf4 30. Na5 Bd5 31. c4 Bf7 32. Nc6 Nd3
33. Reb1 Nxe5 34. Nxe5 Rxe5 35. b3 Na6 36. h4 Nb4 37. a5 Be8 38. a6 Bc6 39.
a7 Ba8 40. Rd1 Re8 41. Rd7+ Kh6 42. Re1 Nd3 43. Rxd3 {Black resigns} 1-0

[Event "GambitGuide"]
[Site "Internet Chess Club"]
[Date "2014.10.31"]
[Round "1"]
[White "JSBach"]
[Black "RamRock"]
[Result "1-0"]
[ICCResult "Black resigns"]
[WhiteElo "1678"]
[BlackElo "1685"]
[Opening "Vienna: `Frankenstein-Dracula' variation"]
[ECO "C27"]
[NIC "VG.02"]
[Time "00:33:09"]
[TimeControl "120+12"]

1. e4 e5 2. Nc3 Nf6 3. Bc4 Nxe4 4. Qh5 Nd6 5. Bb3 Nc6 6. Nb5 g6 7. Qf3 f5 8.
Qd5 Qe7 9. Nxc7+ Kd8 10. Nxa8 b6 11. Ba4 Nb4 12. Qb3 Qg5 13. Qxb4 Qxg2 14.
Bc6 dxc6 15. Nxb6 Qxh1 16. Kf1 f4 17. Nxc8 Kxc8 18. Qc5 Kd7 19. Qxe5 Nf7 20.
Qxf4 Bh6 21. Qxf7+ Kd6 22. Qf6+ Kd7 23. Qxh8 Qxh2 24. Qxh7+ Ke6 25. Qxg6+
Ke7 26. Qxc6 Bg5 27. Qc5+ Kf6 28. Qxg5+ Kxg5 29. Nf3+ Kg4 30. Nxh2+ Kh3 31.
c4 Kxh2 32. d4 {Black resigns} 1-0

[Event "GambitGuide"]
[Site "Internet Chess Club"]
[Date "2014.10.31"]
[Round "1"]
[White "JSBach"]
[Black "bobbyjones"]
[Result "1-0"]
[ICCResult "Black resigns"]
[WhiteElo "1678"]
[BlackElo "1038"]
[Opening "Vienna: `Frankenstein-Dracula' variation"]
[ECO "C27"]
[NIC "VG.02"]
[Time "00:31:05"]
[TimeControl "120+12"]

1. e4 e5 2. Nc3 Nf6 3. Bc4 Nxe4 4. Qh5 Nd6 5. Bb3 Nc6 6. Nb5 g6 7. Qf3 f5 8.
Qd5 Qe7 9. Nxc7+ Kd8 10. Nxa8 b6 11. Ba4 Na5 12. d4 Qf6 13. Qxe5 Qf7 14.
Bg5+ Be7 15. Qxh8+ Ne8 16. Bf4 Bf6 17. Bc7+ Ke7 18. Nxb6 Bxh8 19. Nxc8+ Kf6
20. Be5+ Kg5 21. Bxh8 d5 22. Nf3+ Kh6 23. Nxa7 Qxa7 24. Be5 Nc4 25. Bxe8
Qa5+ 26. Ke2 Qa6 27. a4 Nxe5+ 28. Bb5 Qc8 29. dxe5 Qxc2+ 30. Ke3 f4+ 31.
Kxf4 Qe4+ 32. Kg3 Kh5 33. Bd7 g5 34. Be8+ Kh6 35. Bd7 Qf4+ 36. Kh3 Kg6 37.
a5 h5 38. Ra4 g4+ 39. Kh4 Qxa4 40. Bxa4 {Black resigns} 1-0

[Event "GambitGuide"]
[Site "Internet Chess Club"]
[Date "2014.10.31"]
[Round "1"]
[White "JSBach"]
[Black "RamRock"]
[Result "1-0"]
[ICCResult "Black resigns"]
[WhiteElo "1678"]
[BlackElo "1685"]
[Opening "Vienna: `Frankenstein-Dracula' variation"]
[ECO "C27"]
[NIC "VG.02"]
[Time "00:34:31"]
[TimeControl "120+12"]

1. e4 e5 2. Nc3 Nf6 3. Bc4 Nxe4 4. Qh5 Nd6 5. Bb3 Nc6 6. Nb5 g6 7. Qf3 f5 8.
Qd5 Qe7 9. Nxc7+ Kd8 10. Nxa8 b6 11. Ba4 Nb4 12. Qb3 Bb7 13. Qxb4 Bxa8 14.
f3 Qh4+ 15. Qxh4+ {Black resigns} 1-0

[Event "GambitGuide"]
[Site "Internet Chess Club"]
[Date "2014.10.31"]
[Round "1"]
[White "JSBach"]
[Black "fishhead"]
[Result "0-1"]
[ICCResult "White checkmated"]
[WhiteElo "1678"]
[BlackElo "1597"]
[Opening "Vienna: `Frankenstein-Dracula' variation"]
[ECO "C27"]
[NIC "VG.02"]
[Time "00:33:46"]
[TimeControl "120+12"]

1. e4 e5 2. Nc3 Nf6 3. Bc4 Nxe4 4. Qh5 Nd6 5. Bb3 Nc6 6. Nb5 g6 7. Qf3 f5 8.
Qd5 Qe7 9. Nxc7+ Kd8 10. Nxa8 b6 11. Ba4 Bb7 12. Nxb6 axb6 13. Qb3 b5 14.
Nf3 bxa4 15. Qxa4 Bg7 16. d3 Nf7 17. O-O h6 18. Nh4 Qf6 19. Re1 d5 20. Qb5
Kc7 21. Qxd5 Rd8 22. Qb3 g5 23. Nf3 g4 24. Nd2 Ng5 25. Nc4 Qg6 26. Qb6+ Kc8
27. Be3 Nf3+ 28. gxf3 gxf3+ 29. Bg5 Qxg5+ 30. Kh1 Qg2# {White checkmated}
0-1

[Event "GambitGuide"]
[Site "Internet Chess Club"]
[Date "2014.10.31"]
[Round "1"]
[White "JSBach"]
[Black "brainstorm01"]
[Result "1-0"]
[ICCResult "Black checkmated"]
[WhiteElo "1678"]
[BlackElo "1989"]
[Opening "Vienna: `Frankenstein-Dracula' variation"]
[ECO "C27"]
[NIC "VG.02"]
[Time "00:34:37"]
[TimeControl "120+12"]

1. e4 e5 2. Nc3 Nf6 3. Bc4 Nxe4 4. Qh5 Nd6 5. Bb3 Nc6 6. Nb5 g6 7. Qf3 f5 8.
Qd5 Qe7 9. Nxc7+ Kd8 10. Nxa8 b6 11. Ba4 Bb7 12. Nxb6 axb6 13. Qb3 Kc7 14.
Ne2 Na5 15. Qg3 Ne4 16. Qh3 Ng5 17. Qg3 Ne4 18. Qh3 Ng5 19. Qg3 Ne4 20. Qh3
Ng5 21. Qg3 Ne4 22. Qh3 Ng5 23. Qg3 f4 24. Qc3+ Kb8 25. Bxd7 Ne4 26. Qh3 Ng5
27. Qc3 Bxg2 28. Qc8+ Ka7 29. Qc7+ Ka6 30. Bc8+ Kb5 31. Nc3+ Kb4 32. a3#
{Black checkmated}
1-0

[Event "GambitGuide"]
[Site "Internet Chess Club"]
[Date "2014.10.31"]
[Round "1"]
[White "JSBach"]
[Black "RamRock"]
[Result "1-0"]
[ICCResult "Black resigns"]
[WhiteElo "1678"]
[BlackElo "1685"]
[Opening "Vienna: `Frankenstein-Dracula' variation"]
[ECO "C27"]
[NIC "VG.02"]
[Time "00:35:00"]
[TimeControl "120+12"]

1. e4 e5 2. Nc3 Nf6 3. Bc4 Nxe4 4. Qh5 Nd6 5. Bb3 Nc6 6. Nb5 g6 7. Qf3 f5 8.
Qd5 Qe7 9. Nxc7+ Kd8 10. Nxa8 b6 11. Ba4 Nb4 12. Qb3 Qg5 13. Qxb4 Qxg2 14.
Bc6 Ne4 15. Qb5 Qxf2+ 16. Kd1 a6 17. Qxb6+ Qxb6 18. Nxb6 Nf2+ 19. Ke2 Nxh1
20. Bxh1 Bc5 21. Nxc8 Bxg1 22. Bb7 Kc7 23. Bxa6 {Black resigns} 1-0

[Event "GambitGuide"]
[Site "Internet Chess Club"]
[Date "2014.10.31"]
[Round "1"]
[White "JSBach"]
[Black "brainstorm01"]
[Result "0-1"]
[ICCResult "White checkmated"]
[WhiteElo "1678"]
[BlackElo "1989"]
[Opening "Vienna: `Frankenstein-Dracula' variation"]
[ECO "C27"]
[NIC "VG.02"]
[Time "00:36:04"]
[TimeControl "120+12"]

1. e4 e5 2. Nc3 Nf6 3. Bc4 Nxe4 4. Qh5 Nd6 5. Bb3 Nc6 6. Nb5 g6 7. Qf3 f5 8.
Qd5 Qe7 9. Nxc7+ Kd8 10. Nxa8 b6 11. Ba4 Nd4 12. f4 Bg7 13. fxe5 Bxe5 14. g4
Bb7 15. Bc6 Bxc6 16. Nxb6 Bxd5 17. Nxd5 Bg3+ 18. Kf1 Qe1+ 19. Kg2 Qf2+ 20.
Kh3 fxg4+ 21. Kxg4 h5+ 22. Kh3 Qf5+ 23. Kxg3 Qxd5 24. d3 Qxh1 25. Bg5+ Kc7
26. Rc1 N6f5+ 27. Kh3 Kd6 28. Bf4+ Ke6 29. Re1+ Kf7 30. c3 Nc2 31. Re2 Qxg1
32. Rg2 Qf1 33. Bg3 Nce3 34. Bd6 Qxg2# {White checkmated} 0-1

[Event "GambitGuide"]
[Site "Internet Chess Club"]
[Date "2014.10.31"]
[Round "1"]
[White "JSBach"]
[Black "RamRock"]
[Result "1-0"]
[ICCResult "Black resigns"]
[WhiteElo "1678"]
[BlackElo "1685"]
[Opening "Vienna: `Frankenstein-Dracula' variation"]
[ECO "C27"]
[NIC "VG.02"]
[Time "00:37:00"]
[TimeControl "120+12"]

1. e4 e5 2. Nc3 Nf6 3. Bc4 Nxe4 4. Qh5 Nd6 5. Bb3 Nc6 6. Nb5 g6 7. Qf3 f5 8.
Qd5 Qe7 9. Nxc7+ Kd8 10. Nxa8 b6 11. Ba4 Nb4 12. Qb3 Qg5 13. Qxb4 Bb7 14.
Nxb6 Bxg2 15. h4 Qg4 16. Qxg4 fxg4 17. Rh2 Bf3 18. Nxd7 {Black resigns} 1-0

[Event "GambitGuide"]
[Site "Internet Chess Club"]
[Date "2014.10.31"]
[Round "1"]
[White "JSBach"]
[Black "jmar"]
[Result "1-0"]
[ICCResult "Black forfeits on time"]
[WhiteElo "1678"]
[BlackElo "1166"]
[Opening "Vienna: `Frankenstein-Dracula' variation"]
[ECO "C27"]
[NIC "VG.02"]
[Time "00:35:03"]
[TimeControl "120+12"]

1. e4 e5 2. Nc3 Nf6 3. Bc4 Nxe4 4. Qh5 Nd6 5. Bb3 Nc6 6. Nb5 g6 7. Qf3 f5 8.
Qd5 Qe7 9. Nxc7+ Kd8 10. Nxa8 b6 11. Ba4 Nb4 12. Qb3 Qh4 13. Qe3 Nxc2+ 14.
Bxc2 {Black forfeits on time} 1-0

[Event "GambitGuide"]
[Site "Internet Chess Club"]
[Date "2014.10.31"]
[Round "1"]
[White "JSBach"]
[Black "brainstorm01"]
[Result "1-0"]
[ICCResult "Black resigns"]
[WhiteElo "1678"]
[BlackElo "1989"]
[Opening "Vienna: `Frankenstein-Dracula' variation"]
[ECO "C27"]
[NIC "VG.02"]
[Time "00:37:31"]
[TimeControl "120+12"]

1. e4 e5 2. Nc3 Nf6 3. Bc4 Nxe4 4. Qh5 Nd6 5. Bb3 Nc6 6. Nb5 g6 7. Qf3 f5 8.
Qd5 Qe7 9. Nxc7+ Kd8 10. Nxa8 b6 11. Ba4 Nd4 12. f4 Bg7 13. fxe5 Bb7 14.
Qxd6 Qxe5+ 15. Qxe5 Bxe5 16. Nxb6 Bxg2 17. Nxd7 Bxh1 18. Nxe5 Be4 19. Nf7+
{Black resigns}
1-0